[Event "Early-Titled-Tuesday-Blitz-January-23-2024"]
[Site "Chess.com"]
[Date "2024.01.23"]
[Round "1"]
[White "PattyCastillo"]
[Black "Chessdreamer2020"]
[Result "0-1"]
[WhiteElo "1950"]
[BlackElo "2548"]
[TimeControl "180+1"]
[EndTime "8:05:40 PST"]
[Termination "Chessdreamer2020 won on time"]

1. d4 d6 2. Nf3 Bg4 3. e3 Nf6 4. Bd3 Nbd7 5. Nbd2 e5 6. dxe5 dxe5 7. O-O c6 8. h3 Bh5 9. c4 Qc7 10. Qc2 Nc5 11. Be2 Bg6 12. Qd1 Rd8 13. Nh4 Bd3 14. Re1 Be7 15. b4 Bxe2 16. Qxe2 Nd3 17. Rd1 Nxb4 18.
Nf5 O-O 19. Ba3 a5 20. Rab1 Bc5 21. Nb3 Rxd1+ 22. Qxd1 Rd8 23. Qe2 Bf8 24. c5 Nbd5 25. Bb2 a4 26. Nd2 Bxc5 27. Nc4 Re8 28. e4 Nf4 29.
Qf3 Ng6 30. Qg3 b5 31. Nxe5 Rxe5 32. Bxe5 Qxe5 33. Qxe5 Nxe5 0-1

[Event "Early-Titled-Tuesday-Blitz-January-23-2024"]
[Site "Chess.com"]
[Date "2024.01.23"]
[Round "1"]
[White "Kostya0705"]
[Black "Carolina-moon"]
[Result "1-0"]
[WhiteElo "2571"]
[BlackElo "2167"]
[TimeControl "180+1"]
[EndTime "8:05:41 PST"]
[Termination "Kostya0705 won on time"]

1. e4 c5 2. Nf3 d6 3. d4 Nf6 4.
Nc3 cxd4 5. Nxd4 a6 6. h4 e5 7. Nb3 Be6 8. f4 exf4 9. Bxf4 Nc6 10. Qd2 Be7 11. O-O-O Ne5 12. Kb1 Rc8 13. Be2 b5 14. Qe3 Qc7 15. Rd2 b4 16. Nd5 Nxd5 17. exd5 Bf5 18. Nd4 Bd7 19. Bxa6 Nc4 20. Bxc4 Qxc4 21. Bxd6 O-O 22. Bxe7 Rfe8 23. d6 Ra8 24. Qb3 Qa6 25.
Rf2 Ba4 26. Qxf7+ Kh8 27. Nf5 Rg8 28. Bf6 Bxc2+ 29. Rxc2 Qxa2+ 30. Qxa2 b3 31. Qxb3 Rgb8 32. Qc3 Kg8 33. Bxg7 h5 34. d7 1-0

[Event "Early-Titled-Tuesday-Blitz-January-23-2024"]
[Site "Chess.com"]
[Date "2024.01.23"]
[Round "1"]
[White "ValentunHulka"]
[Black "ilushka"]
[Result "1-0"]
[WhiteElo "2809"]
[BlackElo "2446"]
[TimeControl "180+1"]
[EndTime "8:05:43 PST"]
[Termination "ValentunHulka won by resignation"]

1. d4 e6 2. Nf3 Nf6 3. c4 Bb4+ 4. Nbd2 O-O 5. a3 Be7 6. e4 d6 7. Be2 Nbd7 8. O-O e5 9. b4 a5 10. Bb2 exd4 11. Nxd4 Re8 12. Qc2 Ne5 13. h3 Nc6 14.
Nxc6 bxc6 15. Bc3 axb4 16. axb4 Rxa1 17. Rxa1 Bd7 18. Qb2 Bf8 19. Bd3 Nh5 20. Re1 Nf4 21. Bf1 Qg5 22. Kh2 Ne6 23. Nf3 Qf4+ 24. Kh1 Ng5 25. Bd2 Qf6 26. e5 Nxf3 27. exf6 Nxe1 28. Qb1 Nf3 29. gxf3 gxf6 30. Be3 Be6 31. Bd3 h6 32. Qc1 Bxh3 33. Bxh6 Be7 34. Qg1+ 1-0

[Event "Early-Titled-Tuesday-Blitz-January-23-2024"]
[Site "Chess.com"]
[Date "2024.01.23"]
[Round "1"]
[White "mbojan"]
[Black "SARGISMV"]
[Result "1-0"]
[WhiteElo "2887"]
[BlackElo "2487"]
[TimeControl "180+1"]
[EndTime "8:05:44 PST"]
[Termination "mbojan won by resignation"]

1. a3 Nf6 2. h3 c5 3. e3 d5 4. d4 cxd4 5. exd4 Bf5 6. Bd3 Bxd3 7. Qxd3 Nc6 8. Nf3 e6 9. Bf4 Bd6 10. Bxd6 Qxd6 11. Nbd2 O-O 12. O-O Rac8 13. Rfe1 Nd7 14. c3 a6 15. g3 h6 16. Kg2 b5 17. h4 Nb6 18. b4 Nc4 19. Nxc4 dxc4 20. Qe4 a5 21. Reb1 a4 22. Re1 Rfd8 23. Ne5 Nxe5 24. Qxe5 Qxe5 25. Rxe5 Rd5 26. Rae1 Rcd8 27. h5 Rxe5 28.
Rxe5 Rd5 29. Kf3 Kf8 30. Ke4 f5+ 31. Kf4 Rxe5 32. Kxe5 Ke7 33. f4 Kf7 34. d5 exd5 35. Kxd5 g5 36. hxg6+ Kxg6 37. Kc5 Kh5 38. Kxb5 Kg4 39.
Kxc4 Kxg3 40. b5 h5 41. b6 h4 42. b7 h3 43. b8=Q h2 44. Qb7 1-0

[Event "Early-Titled-Tuesday-Blitz-January-23-2024"]
[Site "Chess.com"]
[Date "2024.01.23"]
[Round "1"]
[White "emeli_chess"]
[Black "Arystanner"]
[Result "0-1"]
[WhiteElo "2436"]
[BlackElo "2780"]
[TimeControl "180+1"]
[EndTime "8:05:45 PST"]
[Termination "Arystanner won by resignation"]

1. d4 d5 2. c4 e6 3. Nc3 a6 4.
cxd5 exd5 5. Nf3 Nf6 6. Bg5 Be6 7. e3 Nbd7 8. Bd3 c6 9. O-O Bd6 10. Rb1 Qc7 11. Bh4 h6 12. Bg3 Bxg3 13. hxg3 Qd6 14. b4 O-O 15. a4 b5 16. a5 Bg4 17. Qc2 Rfe8 18. Bf5 h5 19. Ne2 g6 20. Bd3 Ne4 21. Nd2 Bxe2 22. Bxe2 f5 23. Bd3 Kg7 24. Rfc1 Rac8 25.
Nf1 Rh8 26. Qe2 h4 27. g4 h3 28. g3 fxg4 29. Bxe4 dxe4 30. Qxg4 Nf6 31. Qf4 Qxf4 32. gxf4 Nd5 33. Nh2 g5 34. fxg5 Rh5 35. Kh1 Rxg5 36. Rg1 Rxg1+ 37. Rxg1+ Kf7 38. Rg4 Nxb4 39. Rxe4 Nd3 40.
Kg1 b4 41. Nf3 b3 42. Nd2 b2 43. Nb1 Rg8+ 44. Kh2 Rg2+ 45. Kxh3 Rg1 0-1

[Event "Early-Titled-Tuesday-Blitz-January-23-2024"]
[Site "Chess.com"]
[Date "2024.01.23"]
[Round "1"]
[White "Alexchess1984"]
[Black "GMJustin"]
[Result "1-0"]
[WhiteElo "2654"]
[BlackElo "2343"]
[TimeControl "180+1"]
[EndTime "8:05:45 PST"]
[Termination "Alexchess1984 won on time"]

1. e4 d6 2. d4 g6 3. Nf3 Bg7 4. h3 Nf6 5. Bd3 O-O 6. O-O c5 7. c3 Nc6 8. d5 Ne5 9. Nxe5 dxe5 10. c4 Ne8 11. Nc3 Nd6 12. a3 Bd7 13. b4 Rc8 14. bxc5 Rxc5 15. Be3 Rxc4 16. Bxc4 Nxc4 17. Qd3 Nxe3 18.
Qxe3 Qa5 19. Rfc1 f5 20. f3 f4 21. Qf2 g5 22. Ne2 h5 23. Qc5 Qa6 24. Nc3 Bf6 25. a4 g4 26. hxg4 hxg4 27. fxg4 Bxg4 28. Nb5 f3 29. gxf3 Bxf3 30. Rc3 Bg4 31. Rg3 1-0

[Event "Early-Titled-Tuesday-Blitz-January-23-2024"]
[Site "Chess.com"]
[Date "2024.01.23"]
[Round "1"]
[White "mortngabriel"]
[Black "ViIIagra"]
[Result "0-1"]
[WhiteElo "2515"]
[BlackElo "2976"]
[TimeControl "180+1"]
[EndTime "8:05:46 PST"]
[Termination "ViIIagra won by resignation"]

1. d4 d6 2. Nf3 g6 3. c4 Bg7 4. e3 e5 5. dxe5 dxe5 6. Qxd8+ Kxd8 7. Nc3 c6 8. Bd2 Be6 9. O-O-O h6 10. Be2 Nd7 11. Ne4 f5 12. Nd6 Kc7 13. Bb4 a6 14. c5 a5 15. Ba3 Ne7 16. e4 Bxa2 17. Nxb7 fxe4 18. Ne1 Nf5 19. Nc2 Nd4 20. Nxd4 exd4 21. Nd6 Bd5 22. Bg4 Ne5 23. Bh3 Nd3+ 24. Kb1 Nxf2 25.
Rhf1 Nxd1 0-1

[Event "Early-Titled-Tuesday-Blitz-January-23-2024"]
[Site "Chess.com"]
[Date "2024.01.23"]
[Round "1"]
[White "Practical-Play"]
[Black "MetiForce"]
[Result "0-1"]
[WhiteElo "2484"]
[BlackElo "2873"]
[TimeControl "180+1"]
[EndTime "8:05:46 PST"]
[Termination "MetiForce won by checkmate"]

1. e4 c5 2. Nc3 Nc6 3. Nf3 d6 4. d4 cxd4 5. Nxd4 Nf6 6. Bg5 e6 7. Qd2 a6 8. O-O-O Bd7 9. h4 Be7 10. f3 Nxd4 11. Qxd4 Qc7 12. Qc4 Qxc4 13. Bxc4 b5 14. Bb3 Bc6 15. Bf4 O-O-O 16. a4 Nh5 17. Be3 Kb7 18. g4 Nf6 19. h5 Nd7 20. Nd5 Bxd5 21. exd5 e5 22. Kb1 h6 23. axb5 axb5 24. c4 Bg5 25. Bf2 Ra8 26. cxb5 Rhc8 27. Rd3 Ra5 28. Be1 Rc1# 0-1

[Event "Early-Titled-Tuesday-Blitz-January-23-2024"]
[Site "Chess.com"]
[Date "2024.01.23"]
[Round "1"]
[White "Yurasova_Daria"]
[Black "Onischuk_V"]
[Result "0-1"]
[WhiteElo "2440"]
[BlackElo "2795"]
[TimeControl "180+1"]
[EndTime "8:05:46 PST"]
[Termination "Onischuk_V won by resignation"]

1. d4 d6 2. Nf3 g6 3. c3 Bg7 4. e4 Nf6 5. Bd3 O-O 6. O-O Nc6 7. Bg5 h6 8. Bh4 e5 9. d5 Ne7 10. c4 Nh5 11. Nc3 Nf4 12. Ne2 Nxd3 13. Qxd3 g5 14.
Bg3 f5 15. exf5 Bxf5 16. Qb3 b6 17. Nc3 Ng6 18. Nd2 Nf4 19. Nde4 Qe8 20. Qd1 Qg6 21. f3 h5 22. Re1 a6 23. b4 g4 24. Kh1 Rf7 25.
c5 bxc5 26. bxc5 Raf8 27. fxg4 Bxg4 28. Qd2 h4 29. Bxh4 Nxg2 30. Bg3 Nxe1 31. Rxe1 Bh3 32. cxd6 Rf1+ 0-1

[Event "Early-Titled-Tuesday-Blitz-January-23-2024"]
[Site "Chess.com"]
[Date "2024.01.23"]
[Round "1"]
[White "Jenia84"]
[Black "aghasiyevkamal"]
[Result "0-1"]
[WhiteElo "2324"]
[BlackElo "2641"]
[TimeControl "180+1"]
[EndTime "8:05:46 PST"]
[Termination "aghasiyevkamal won by resignation"]

1. Nf3 d5 2. g3 Nf6 3. Bg2 g6 4. O-O Bg7 5. c3 O-O 6. d3 c5 7.
Nbd2 Nc6 8. e4 e6 9. e5 Nd7 10. d4 b6 11. Nb3 Ba6 12. Re1 cxd4 13. cxd4 Rc8 14. Bg5 Qc7 15. Qd2 Bc4 16. Rac1 Qb7 17. Bh6 Bxb3 18. axb3 Na5 19. Bxg7 Kxg7 20. Rxc8 Rxc8 21.
Qf4 Nxb3 22. Ng5 Nf8 23. h4 h5 24. Bf3 Qe7 25. g4 hxg4 26. Bxg4 Rc4 27. Rd1 Nh7 28. Rd3 Nc1 29. Rf3 Ne2+ 0-1

[Event "Early-Titled-Tuesday-Blitz-January-23-2024"]
[Site "Chess.com"]
[Date "2024.01.23"]
[Round "1"]
[White "ClaudiaSof"]
[Black "only_strong_moves"]
[Result "0-1"]
[WhiteElo "2270"]
[BlackElo "2612"]
[TimeControl "180+1"]
[EndTime "8:05:46 PST"]
[Termination "only_strong_moves won by resignation"]

1. d4 Nf6 2. Bf4 e6 3. e3 c5 4. c3 Nc6 5. Nd2 d5 6. Ngf3 Nh5 7. Bg5 f6 8. Bh4 g6 9. Bd3 cxd4 10. cxd4 Ng7 11. O-O Nf5 12. Bg3 Nxg3 13. hxg3 Bg7 14. Rc1 O-O 15. a3 Bd7 16. b4 a6 17. Qb3 Na7 18. Rc2 Rc8 19. Rfc1 Qb6 20. a4 a5 21.
b5 Qd6 22. Rc5 b6 23. Rxc8 Rxc8 24. Rxc8+ Nxc8 25. Qc3 Ne7 26. e4 h5 27. Bc2 g5 28.
Qd3 Be8 29. e5 fxe5 30. dxe5 Qc7 31. Qh7+ Kf8 32. Nxg5 Qxe5 33. f4 Qe3+ 0-1

[Event "Early-Titled-Tuesday-Blitz-January-23-2024"]
[Site "Chess.com"]
[Date "2024.01.23"]
[Round "1"]
[White "WhiteKnight2612"]
[Black "Orphanator2009"]
[Result "1-0"]
[WhiteElo "2872"]
[BlackElo "2482"]
[TimeControl "180+1"]
[EndTime "8:05:50 PST"]
[Termination "WhiteKnight2612 won by resignation"]

1. d4 Nf6 2. c4 e6 3. Nc3 d5 4.
Bg5 Be7 5. Nf3 O-O 6. e3 h6 7.
Bd3 hxg5 8. Nxg5 dxc4 9. Bxc4 Nd5 10. h4 Nxc3 11. Qd3 Bxg5 12. hxg5 g6 13. bxc3 Qxg5 14.
O-O-O Nd7 15. g4 Nf6 16. Rdg1 Bd7 17. f4 Qa5 18. f5 Nd5 19. Kb2 exf5 20. gxf5 Bxf5 21.
Qxf5 Qxc3+ 22. Kb1 Qb4+ 23. Bb3 Nc3+ 24. Kc2 Kg7 25.
Qe5+ f6 26. Qxc7+ 1-0

[Event "Early-Titled-Tuesday-Blitz-January-23-2024"]
[Site "Chess.com"]
[Date "2024.01.23"]
[Round "1"]
[White "Andrey_Klymchuk"]
[Black "ImportedItalianMaple"]
[Result "0-1"]
[WhiteElo "2770"]
[BlackElo "2453"]
[TimeControl "180+1"]
[EndTime "8:05:51 PST"]
[Termination "ImportedItalianMaple won by resignation"]

1. e4 g6 2. d4 Bg7 3. c4 e6 4. Nc3 Ne7 5. Nf3 d5 6. e5 c5 7. dxc5 Nbc6 8. Bf4 Qa5 9. Rc1 O-O 10. Be2 d4 11.
Qa4 dxc3 12. Qxa5 Nxa5 13. b4 Nac6 14. b5 Na5 15. Rxc3 h6 16. O-O g5 17. Bg3 Nf5 18. Ra3 b6 19. Re1 Rd8 20. Bf1 Bd7 21. c6 Be8 22.
Rd3 Kf8 23. Red1 Ke7 24. h4 Nxg3 25. fxg3 g4 26. Nh2 h5 27. Rxd8 Rxd8 28. Re1 Rd4 0-1

[Event "Early-Titled-Tuesday-Blitz-January-23-2024"]
[Site "Chess.com"]
[Date "2024.01.23"]
[Round "1"]
[White "ChessboArt"]
[Black "KChor05"]
[Result "0-1"]
[WhiteElo "2172"]
[BlackElo "2572"]
[TimeControl "180+1"]
[EndTime "8:05:51 PST"]
[Termination "KChor05 won by resignation"]

1. Nf3 Nf6 2. g3 g6 3. Bg2 Bg7 4. c4 O-O 5. Nc3 d6 6. O-O Nc6 7. Rb1 a5 8. a3 Bf5 9. d3 e5 10. b4 axb4 11. axb4 e4 12. Nh4 exd3 13. Nxf5 dxe2 14.
Qxe2 gxf5 15. Bg5 h6 16. Be3 Re8 17. Qc2 Qd7 18. Nd5 Ng4 19. Rfe1 Nd4 20. Qd2 Nxe3 21. Rxe3 Rxe3 22. Qxe3 Re8 23. Qd3 Ne2+ 24. Kh1 c6 25.
Ne3 Nc3 26. Rb3 Ne4 27. b5 Nxf2+ 28. Kg1 Nxd3 0-1

[Event "Early-Titled-Tuesday-Blitz-January-23-2024"]
[Site "Chess.com"]
[Date "2024.01.23"]
[Round "1"]
[White "Rurep26"]
[Black "CrimeFightingSpider07"]
[Result "1/2-1/2"]
[WhiteElo "2779"]
[BlackElo "2471"]
[TimeControl "180+1"]
[EndTime "8:05:52 PST"]
[Termination "Game drawn by repetition"]

1. d4 Nf6 2. Bf4 g6 3. Nc3 d5 4. e3 Bg7 5. h4 h5 6. Nf3 a6 7. Qd2 Nbd7 8. O-O-O b5 9. Bd3 Bb7 10. Ne5 Nb6 11. f3 Nc4 12. Bxc4 bxc4 13. Na4 Nd7 14. Nxd7 Qxd7 15. Nc5 Qc6 16. Qa5 O-O-O 17. b3 Qb6 18. Qxb6 cxb6 19. Na4 Bc6 20. Nxb6+ Kb7 21. Na4 Bxa4 22. bxa4 Rhe8 23. Kd2 e5 24. Rb1+ Kc6 25.
dxe5 Bxe5 26. Bxe5 Rxe5 27. a5 d4 28. exd4 Rxd4+ 29.
Kc3 Rdd5 30. Rb6+ Kc7 31. Rhb1 Rxa5 32. Rb7+ Kc6 33. Rxf7 Rxa2 34. Rf6+ Kc5 35. Rbb6 Re2 36. Rfc6+ Kd5 37. Rd6+ Kc5 38. Rbc6+ Kb5 39. Rb6+ Kc5 40. Rbc6+ Kb5 41. Rb6+ Kc5 1/2-1/2

[Event "Early-Titled-Tuesday-Blitz-January-23-2024"]
[Site "Chess.com"]
[Date "2024.01.23"]
[Round "1"]
[White "Fandorine"]
[Black "Maus7"]
[Result "1-0"]
[WhiteElo "2972"]
[BlackElo "2513"]
[TimeControl "180+1"]
[EndTime "8:05:53 PST"]
[Termination "Fandorine won by resignation"]

1. d4 Nf6 2. Nf3 d5 3. Bg5 Bf5 4. e3 e6 5. Nbd2 Be7 6. c4 c6 7. Qb3 Qb6 8. h3 h6 9. Bf4 Na6 10.
c5 Qxb3 11. axb3 Nb4 12. Ra4 a5 13. Ne5 Ne4 14. g4 Nxd2 15. Kxd2 Bc2 16. Ra3 f6 17. Nd3 Bxd3 18. Bxd3 Nxd3 19. Kxd3 e5 20. dxe5 Bxc5 21. exf6 Bxa3 22. fxg7 Rg8 23. bxa3 Rxg7 24. Bxh6 Rh7 25. g5 Kf7 26. h4 Kg6 27. h5+ Kf5 28. Rh4 b5 29.
Rf4+ Ke5 30. Rf6 d4 31. e4 1-0

[Event "Early-Titled-Tuesday-Blitz-January-23-2024"]
[Site "Chess.com"]
[Date "2024.01.23"]
[Round "1"]
[White "AlexandraSamaganova"]
[Black "Ginger_GM"]
[Result "0-1"]
[WhiteElo "2371"]
[BlackElo "2682"]
[TimeControl "180+1"]
[EndTime "8:05:55 PST"]
[Termination "Ginger_GM won by resignation"]

1. c4 f5 2. Nc3 Nf6 3. g3 d6 4. Bg2 e5 5. d3 Be7 6. e4 O-O 7.
Nge2 c6 8. O-O Qe8 9. d4 fxe4 10. Nxe4 Nxe4 11. Bxe4 Bh3 12. Bg2 Qh5 13. f4 Bg4 14.
Rf2 exd4 15. Qxd4 Na6 16. Qd2 d5 17. b3 Bb4 18. Qd3 Bc5 19. Qc3 Bxe2 0-1

[Event "Early-Titled-Tuesday-Blitz-January-23-2024"]
[Site "Chess.com"]
[Date "2024.01.23"]
[Round "1"]
[White "SAInt_666"]
[Black "Nekoo04"]
[Result "1-0"]
[WhiteElo "2651"]
[BlackElo "2342"]
[TimeControl "180+1"]
[EndTime "8:05:55 PST"]
[Termination "SAInt_666 won by resignation"]

1. e4 c5 2. Nf3 d6 3. Bb5+ Bd7 4. Bxd7+ Nxd7 5. c3 Ngf6 6. Qe2 e6 7. d4 Be7 8.
O-O O-O 9. e5 Ne8 10. Rd1 Qc7 11. Na3 a6 12. Bf4 cxd4 13. cxd4 dxe5 14. dxe5 Bxa3 15. bxa3 Nb6 16. Rac1 Qe7 17. Be3 Na4 18. Rc4 b5 19. Rh4 Nc7 20. Bg5 Qc5 21. Rc1 Qb6 22. Qc2 h6 23. Bxh6 gxh6 24. Ng5 f5 25.
exf6 Rxf6 26. Qh7+ Kf8 27. Qh8+ Ke7 28. Qg7+ Kd6 29.
Ne4+ Ke5 30. Qxf6+ Kd5 31. Rh5+ Kxe4 1-0

[Event "Early-Titled-Tuesday-Blitz-January-23-2024"]
[Site "Chess.com"]
[Date "2024.01.23"]
[Round "1"]
[White "GP9isback23"]
[Black "Rgoltsman"]
[Result "1-0"]
[WhiteElo "2610"]
[BlackElo "2269"]
[TimeControl "180+1"]
[EndTime "8:05:58 PST"]
[Termination "GP9isback23 won by resignation"]

1. d4 g6 2. Nf3 Bg7 3. e3 c5 4. Be2 Nf6 5. O-O O-O 6. c3 d6 7. b4 Ne4 8. Bb2 a5 9. bxc5 dxc5 10. Nbd2 Bf5 11. a4 Qb6 12. Nc4 Qc7 13. Na3 Rd8 14. Nb5 Qb6 15. Qb3 Nc6 16. Rfd1 Rac8 17. Rac1 cxd4 18.
cxd4 Nb4 19. Ba3 Be6 20. Qb2 Rxc1 21. Rxc1 Nd5 22. h3 Nd6 23. Bc5 Qc6 24. Bxd6 Qxc1+ 25. Qxc1 exd6 26. Nd2 Rc8 27. Qb2 Nb4 28. Nc3 d5 29.
Bb5 Bf8 30. Nb3 b6 31. Kf1 Rc7 32. Ke2 Bc8 33. Na1 Ba6 34. Bxa6 Nxa6 35. Nc2 Nb4 36. Nxb4 axb4 37. Nxd5 Ra7 38. Nf6+ 1-0

[Event "Early-Titled-Tuesday-Blitz-January-23-2024"]
[Site "Chess.com"]
[Date "2024.01.23"]
[Round "1"]
[White "LyonBeast"]
[Black "oganromchess"]
[Result "1-0"]
[WhiteElo "3158"]
[BlackElo "2538"]
[TimeControl "180+1"]
[EndTime "8:06:02 PST"]
[Termination "LyonBeast won on time"]

1. e4 e6 2. d4 d5 3. e5 c5 4. c3 Nc6 5. Nf3 Nh6 6. a3 a5 7.
Bb5 Bd7 8. Ba4 Nf5 9. O-O Qb6 10.
g4 Nh6 11. h3 Ng8 12. dxc5 Bxc5 13. b4 Be7 14. Re1 h5 15. g5 h4 16. b5 Na7 17.
Be3 Qd8 18. c4 dxc4 19. Nc3 Nc8 20. Qd4 b6 21. Ne4 Qc7 22. Rac1 Bxa3 23. Rxc4 Qb7 24.
Nd6+ Bxd6 25. exd6 Qxf3 26. Qxg7 Qxh3 27. Qxh8 Kf8 28. Rxh4 Qf3 29. Bd4 Nxd6 30. Qxg8+ 1-0

[Event "Early-Titled-Tuesday-Blitz-January-23-2024"]
[Site "Chess.com"]
[Date "2024.01.23"]
[Round "1"]
[White "wadsy27"]
[Black "kai_nov"]
[Result "1-0"]
[WhiteElo "2628"]
[BlackElo "2300"]
[TimeControl "180+1"]
[EndTime "8:06:03 PST"]
[Termination "wadsy27 won by checkmate"]

1. c4 e5 2. Nf3 Nc6 3. Nc3 Nf6 4. g3 Bb4 5. Nd5 Bc5 6. Bg2 O-O 7. O-O d6 8. e3 a5 9. h3 Nxd5 10. cxd5 Ne7 11. d4 exd4 12. Nxd4 Bd7 13. b3 Bxd4 14. Qxd4 Qc8 15. Kh2 f6 16. Bb2 Nf5 17. Qd2 Kh8 18. e4 Ne7 19. Rac1 f5 20. e5 dxe5 21. Bxe5 c6 22. h4 Ng6 23. Bb2 f4 24. h5 f3 25.
hxg6 Kg8 26. gxh7+ Kxh7 27. Qg5 Rf7 28. Bxf3 g6 29.
Qh4+ Kg8 30. Qh8# 1-0

[Event "Early-Titled-Tuesday-Blitz-January-23-2024"]
[Site "Chess.com"]
[Date "2024.01.23"]
[Round "1"]
[White "tptagain"]
[Black "Predator0608"]
[Result "1-0"]
[WhiteElo "2906"]
[BlackElo "2495"]
[TimeControl "180+1"]
[EndTime "8:06:04 PST"]
[Termination "tptagain won by resignation"]

1. d4 Nf6 2. Nf3 b6 3. Bg5 Ne4 4. Bh4 Bb7 5. Nbd2 g6 6. Nxe4 Bxe4 7. d5 Bg7 8. Ng5 Bf5 9. e4 h6 10. Nxf7 Kxf7 11. exf5 Bxb2 12. fxg6+ Kg7 13. Bd3 Bc3+ 14. Kf1 Rf8 15. Rb1 Bf6 16. Bg3 d6 17. Qh5 Nd7 18. Bf4 Rh8 19. h4 Ne5 20. Re1 a5 21. Rh3 a4 22.
Bxe5 dxe5 23. Rxe5 Ra5 24. c4 Rf8 25. Re6 Rc5 26. Rf3 b5 27. g4 bxc4 28. g5 cxd3 29. Qxh6+ 1-0

[Event "Early-Titled-Tuesday-Blitz-January-23-2024"]
[Site "Chess.com"]
[Date "2024.01.23"]
[Round "1"]
[White "iwanyu"]
[Black "Chessbard1972"]
[Result "1-0"]
[WhiteElo "2776"]
[BlackElo "2435"]
[TimeControl "180+1"]
[EndTime "8:06:04 PST"]
[Termination "iwanyu won by resignation"]

1. d4 Nf6 2. c4 g6 3. Nf3 Bg7 4. g3 O-O 5. Bg2 d5 6. cxd5 Nxd5 7. O-O Nc6 8. Nc3 Nb6 9. e3 Re8 10. h3 e5 11. d5 Na5 12. Qc2 c6 13. b4 Nac4 14. dxc6 bxc6 15. Rd1 Qe7 16. Ne4 Bf5 17. Nfd2 Nxd2 18. Bxd2 Rac8 19. Rac1 Nd5 20. Qa4 h5 21.
Be1 Red8 22. a3 Bd7 23. Qxa7 Ra8 24. Qc5 Rxa3 25. Rxd5 Qxc5 26. Rdxc5 Bf8 27. Rxe5 Be6 28. Ra5 Rad3 29. Ng5 Rd1 30. Raa1 Rxc1 31. Rxc1 Bd5 32. Bxd5 cxd5 33. Nf3 Rb8 34. Rb1 Bg7 35. Kf1 Rb6 36. Ke2 Rb5 37. Kd3 Kf8 38. Bc3 Bxc3 39. Kxc3 Ke7 40. Nd4 Rb8 41. Nc6+ 1-0

[Event "Early-Titled-Tuesday-Blitz-January-23-2024"]
[Site "Chess.com"]
[Date "2024.01.23"]
[Round "1"]
[White "zurzan"]
[Black "GameOverBro"]
[Result "0-1"]
[WhiteElo "2015"]
[BlackElo "2555"]
[TimeControl "180+1"]
[EndTime "8:06:04 PST"]
[Termination "GameOverBro won by resignation"]

1. c4 e5 2. g3 Nf6 3. Bg2 Bc5 4. Nc3 O-O 5. e3 Re8 6. Nge2 c6 7. O-O e4 8. h3 d5 9. cxd5 cxd5 10. d4 Bd6 11. Nb5 Bf8 12. Nf4 a6 13. Nc3 b5 14. a3 Nc6 15. Bd2 Bb7 16. Kh2 Na5 17. Qe2 Nc4 18. Rab1 g5 19. Nh5 Nxh5 20. Qxh5 Nxd2 21. f4 exf3 22. Rxf3 Nxf3+ 23. Bxf3 b4 24. axb4 Bxb4 25. Rf1 Bxc3 26. bxc3 Qf6 27. Be2 Qg6 28. Qf3 Rac8 29. Bd3 Qg7 30. Qf5 Rxc3 31. h4 Rxe3 32. Bb1 Re2+ 33.
Kh3 Bc8 0-1

[Event "Early-Titled-Tuesday-Blitz-January-23-2024"]
[Site "Chess.com"]
[Date "2024.01.23"]
[Round "1"]
[White "joksijoksi"]
[Black "LevonAronian"]
[Result "0-1"]
[WhiteElo "2536"]
[BlackElo "3112"]
[TimeControl "180+1"]
[EndTime "8:06:05 PST"]
[Termination "LevonAronian won by checkmate"]

1. d4 Nf6 2. c4 c5 3. d5 g6 4. Nc3 Bg7 5. e4 d6 6. Bd3 O-O 7. h3 a6 8. a4 b6 9. Nf3 Nbd7 10.
O-O e5 11. Bg5 h6 12. Be3 Nh7 13. Qd2 f5 14. Bxh6 f4 15. Bxg7 Kxg7 16. Nh2 Ndf6 17. f3 Rh8 18. a5 Rb8 19. axb6 Rxb6 20. Rfb1 Ng5 21. Na4 Rb4 22. Qc3 Bxh3 23. Nxc5 dxc5 24. Qxe5 Bxg2 25. Qxg5 Rxh2 26. Kxh2 Bxf3 27. Kg1 Qh8 28. Kf2 Rb3 29. Rxa6 Qh2+ 30. Ke1 Qh1+ 31. Kf2 Ng4+ 32. Qxg4 Qh2+ 33. Kxf3 Rxd3# 0-1

[Event "Early-Titled-Tuesday-Blitz-January-23-2024"]
[Site "Chess.com"]
[Date "2024.01.23"]
[Round "1"]
[White "Mops_2004"]
[Black "Balla_Tamas"]
[Result "1-0"]
[WhiteElo "2825"]
[BlackElo "2451"]
[TimeControl "180+1"]
[EndTime "8:06:06 PST"]
[Termination "Mops_2004 won by resignation"]

1. Nf3 c5 2. c4 Nc6 3. Nc3 g6 4.
e3 Nf6 5. d4 cxd4 6. exd4 d5 7.
cxd5 Nxd5 8. Qb3 Nxc3 9. Bc4 e6 10. bxc3 Bd7 11. Be2 b6 12. O-O Rc8 13. d5 Na5 14.
Qd1 Bg7 15. dxe6 fxe6 16. Ba6 Rc5 17. Ba3 Rf5 18. Qe2 Qf6 19. Rad1 Qxc3 20. Rd3 Qf6 21. Rfd1 Bc6 22. Rd8+ Kf7 23. R8d6 Bxf3 24. Rd7+ Ke8 25.
Rd8+ Qxd8 26. Qxe6+ 1-0

[Event "Early-Titled-Tuesday-Blitz-January-23-2024"]
[Site "Chess.com"]
[Date "2024.01.23"]
[Round "1"]
[White "jcibarra"]
[Black "yobdc"]
[Result "0-1"]
[WhiteElo "2837"]
[BlackElo "2528"]
[TimeControl "180+1"]
[EndTime "8:06:08 PST"]
[Termination "yobdc won by resignation"]

1. e4 e6 2. d4 d5 3. Nc3 Nf6 4.
Bg5 dxe4 5. Nxe4 Be7 6. Bxf6 gxf6 7. Nf3 a6 8. Nc3 b5 9. Bd3 Bb7 10. Be4 Bxe4 11. Nxe4 f5 12. Ng3 Qd5 13. O-O Nd7 14. Re1 c5 15. c3 Rd8 16. Qd2 h5 17. Ne2 Rg8 18. Kh1 Bd6 19. Nf4 Bxf4 20. Qxf4 Rg4 21. Qh6 Ke7 22. Re3 Rdg8 23. g3 f4 24. Rd3 c4 25.
Re3 fxe3 26. Qxe3 Nf6 27. Kg2 h4 28. a4 Re4 29. Qh6 Re2 30. axb5 Rxf2+ 0-1

[Event "Early-Titled-Tuesday-Blitz-January-23-2024"]
[Site "Chess.com"]
[Date "2024.01.23"]
[Round "1"]
[White "dcremisi"]
[Black "Laico"]
[Result "1-0"]
[WhiteElo "2666"]
[BlackElo "2353"]
[TimeControl "180+1"]
[EndTime "8:06:10 PST"]
[Termination "dcremisi won by resignation"]

1. d4 e6 2. c4 f5 3. Nf3 b6 4. g3 Bb7 5. Bg2 Nf6 6. O-O Be7 7. Nc3 Ne4 8. Qc2 Nxc3 9. Qxc3 Bf6 10. Re1 O-O 11.
Bf4 d6 12. Rad1 Qe8 13. Qd2 Nd7 14. b4 a5 15. a3 Kh8 16. h4 Qh5 17. Rc1 Rad8 18.
bxa5 e5 19. Bg5 e4 20. Bxf6 Nxf6 21. Ng5 Rde8 22. axb6 e3 23. fxe3 Bxg2 24. Kxg2 cxb6 25.
Rf1 h6 26. Nh3 Ne4 27. Qc2 Qg4 28. Rf3 Rf6 29. Rcf1 Ref8 30. Nf2 Nxf2 31. R1xf2 Rg6 32. c5 bxc5 33. dxc5 dxc5 34. Qxc5 Re8 35. Qxf5 Qxf5 36.
Rxf5 Rxe3 37. R5f3 Re4 38. Rf8+ Kh7 39. Ra8 Rxh4 40. Rff8 Rg5 41. Rh8+ Kg6 42. Ra6+ Kh5 43. Rf8 Re4 44. Kf3 Rc4 45. Rf4 Rc3+ 46. e3 Rg6 47.
Rh4+ Kg5 48. Rg4+ Kf5 49. Raxg6 1-0

[Event "Early-Titled-Tuesday-Blitz-January-23-2024"]
[Site "Chess.com"]
[Date "2024.01.23"]
[Round "1"]
[White "tigurones"]
[Black "TregubovP"]
[Result "1/2-1/2"]
[WhiteElo "2379"]
[BlackElo "2672"]
[TimeControl "180+1"]
[EndTime "8:06:11 PST"]
[Termination "Game drawn by repetition"]

1. d4 Nf6 2. Nf3 e6 3. c4 Bb4+ 4. Bd2 Qe7 5. g3 Bxd2+ 6. Nbxd2 d6 7. Bg2 e5 8. O-O O-O 9. e4 a5 10. Re1 Nbd7 11. Qc2 Re8 12. Rac1 exd4 13. Nxd4 Nc5 14. N4b3 Nfd7 15. Nxc5 Nxc5 16. Nb3 Ne6 17. c5 a4 18. Nd2 Nxc5 19. e5 Be6 20. exd6 cxd6 21. Bd5 Qf6 22.
Ne4 Nxe4 23. Bxe4 g6 24. Bxb7 Rab8 25. Qxa4 Qxb2 26. Bd5 Qb4 27. Qxb4 Rxb4 28. Bxe6 Rxe6 29. Rxe6 fxe6 30. Rc6 Rd4 31. a4 Kf7 32. a5 Ra4 33. Rxd6 Rxa5 34. Rd7+ Kg8 35. Kg2 Rf5 36. f4 e5 37.
Rd8+ Kg7 38. Rd7+ Kg8 39. Rd5 exf4 40. Rxf5 gxf5 41. gxf4 Kf7 42. Kf3 Ke6 43. Ke3 Kd5 44. Kd3 h6 45. h3 h5 46. h4 Kc5 47. Kc3 Kd5 48. Kd3 Kc5 49. Kc3 Kd5 50. Kd3 1/2-1/2